 Dungeon Crawl Stone Soup version 0.27-a0-1200-g94dc6ad4cf (webtiles) character file.

Game seed: 5962756217506183420

30 flotson the Ducker (level 3, -4/27 HPs)
             Began as a Demonspawn Gladiator on May 31, 2021.
             Slain by a gnoll
             ... wielding a +0 spear
              (8 damage)
             ... on level 1 of the Dungeon.
             The game lasted 00:00:55 (522 turns).

flotson the Ducker (Demonspawn Gladiator)            Turns: 522, Time: 00:00:56

Health: -4/27      AC:  4    Str: 15    XL:     3   Next: 5%
Magic:  3/3        EV: 12    Int:  9    God:
Gold:   0          SH:  0    Dex: 14    Spells: 2/2 levels left

rFire    . . .     SeeInvis .   a - +0 quarterstaff
rCold    . . .     Faith    .   (shield currently unavailable)
rNeg     . . .     Spirit   .   b - +0 leather armour
rPois    .         Reflect  .   c - +0 helmet
rElec    .         Harm     .   (no cloak)
rCorr    .         Rampage  .   (no gloves)
Will     .....                  (no boots)
Stlth    +.........             (no amulet)
HPRegen  0.09/turn              (no ring)
MPRegen  0.08/turn              (no ring)

@: no status effects
A: claws 1, spiny 1
a: no special abilities


You were on level 1 of the Dungeon.
You visited 1 branch of the dungeon, and saw 1 of its levels.

Inventory:

Hand Weapons
 a - a +0 quarterstaff (weapon)
Missiles
 d - 3 throwing nets (quivered)
Armour
 b - a +0 leather armour (worn)
 c - a +0 helmet (worn)
Scrolls
 f - a scroll of summoning {unknown}
 g - a scroll of identify {unknown}
Potions
 e - a potion of heal wounds {unknown}


   Skills:
 + Level 2.1 Fighting
 + Level 0.3(1.9) Polearms
 - Level 3.0(3.1) Staves
 - Level 2.0 Throwing
 + Level 0.4 Armour
 + Level 3.1 Dodging


You had 2 spell levels left.
You didn't know any spells.
Your spell library was empty.

Dungeon Overview and Level Annotations

Branches:
Dungeon (1/15)

Altars:


Innate Abilities, Weirdness & Mutations

You have sharp fingernails.
You are partially covered in sharp spines.


Message History

A ball python, 3 jackals and a gnoll come into view.
The ball python hisses angrily.
The jackal barks!
Found 9 gold pieces and a scroll labelled MYGOCE IGROCY.
The ball python bites you but does no damage.
There is an open door here.
The jackal barks!
You sock the ball python!
You kill the ball python!
You closely miss the jackal. The jackal closely misses you.
The gnoll hits you from afar with a +0 spear.
The jackal is struck by your spines. The jackal barely misses you.
You hit the jackal.
You kill the jackal!
The gnoll hits you from afar with a +0 spear.
You have reached level 3!
Your experience leads to an increase in your attributes!
Increase (S)trength, (I)ntelligence, or (D)exterity?
You feel stronger.
Your demonic ancestry asserts itself...
Your fingernails lengthen.
The jackal barely misses you.
The gnoll hits you from afar with a +0 spear.
You hit the jackal.
The jackal is severely wounded.
The jackal is struck by your spines.
You kill the jackal!
The gnoll hits you from afar with a +0 spear.
You are too injured to fight recklessly!
You are too injured to fight recklessly!
You are too injured to fight recklessly!
You are too injured to fight recklessly!
The gnoll misses you.
You see here a jackal corpse.
You hit the gnoll.
The gnoll is lightly wounded.
The gnoll hits you with a +0 spear!
* * * LOW HITPOINT WARNING * * *
You hit the gnoll.
The gnoll is severely wounded.
The gnoll hits you with a +0 spear!
You die...

#.# #..##..#.#............
#.###..†.....#.###.###.###
......###..###.# #.#
#.##### #..###.###.# #+##
#.# #..........##...# ..#
#..###.#####.?... ..#
#......# #......
..########....####.......
................@gh......
.#########....####$......
..# #.#.## #...... #.#
#.## #..... #.# # #...#
#.# #+## #.# #.# #.#


You could see a gnoll and a jackal.

Vanquished Creatures
  A dart slug (D:1)
  An endoplasm (D:1)
  A giant cockroach (D:1)
  A goblin (D:1)
  4 hobgoblins (D:1)
  9 jackals (D:1)
  A quokka (D:1)
  2 ball pythons (D:1)
  A bat (D:1)
  A frilled lizard (D:1)
  A kobold (D:1)
  A rat (D:1)
24 creatures vanquished.

Notes
Turn   | Place    | Note
-------+----------+-------------------------------------------
     0 | D:1      | flotson the Demonspawn Gladiator began the quest for the
                  | Orb.
     0 | D:1      | Reached XP level 1. HP: 16/16 MP: 1/1
   113 | D:1      | Gained mutation: You are partially covered in sharp spines.
                  | [demonic ancestry]
   113 | D:1      | Reached XP level 2. HP: 12/22 MP: 2/2
   518 | D:1      | Gained mutation: You have sharp fingernails. [demonic
                  | ancestry]
   518 | D:1      | Reached XP level 3. HP: 19/27 MP: 3/3
   522 | D:1      | Slain by a gnoll

Illustrated notes

Levels and vault maps discovered:
D:1:      dpeg_arrival_arbitrary_a, layout_loops_corners

Skill      XL: |  1  2 |
---------------+-------+-----
Staves         | 3 |  3.0
Dodging        | 3 |  3.1
Throwing       | 2 |  2.0
Fighting       | |  2.1
Polearms       | |  0.3
Armour         | |  0.4

Action                   || total
-------------------------++-------
Melee: Quarterstaff      ||    48
Armor: Leather armour    ||    15
Dodge: Dodged            ||    28

Table legend: (Time is in decaauts)
 A = Elapsed time spent in this place.
 B = Non-inter-level travel time spent in this place.
 C = Inter-level travel time spent in this place.
 D = Time resting spent in this place.
 E = Time spent auto-exploring this place.
 F = Levels seen in this place.
 G = Mean time per level.
                   A        B        C        D        E       F      G
               +--------+--------+--------+--------+--------+-----+--------+
         Total |    528 |    528 |      0 |      0 |    422 |   1 |  528.0 |
       Dungeon |    528 |    528 |      0 |      0 |    422 |   1 |  528.0 |
               +--------+--------+--------+--------+--------+-----+--------+

Top non-repeatable levels by time:
     D:1: 528 daAuts
